 Dungeon Crawl Stone Soup version 0.29.1-2-gbd0b4ee654 (webtiles) character file.

Game seed: 3659416221144213757

60 DildoBatman the Conjurer (level 4, -1/30 HPs)
             Began as a Formicid Conjurer on Nov 5, 2022.
             Slain by an orc wizard
             ... wielding a +2 dagger of electrocution
              (10 damage)
             ... on level 3 of the Dungeon.
             The game lasted 00:02:52 (940 turns).

DildoBatman the Conjurer (Formicid Conjurer)         Turns: 940, Time: 00:02:52

Health: -1/30      AC:  3    Str: 12    XL:     4   Next: 24%
Magic:  1/7        EV: 12    Int: 17    God:
Gold:   65         SH:  0    Dex: 14    Spells: 4/7 levels left

rFire   . . .      SeeInvis +   a - +0 sling
rCold   . . .      Faith    .   (no shield)
rNeg    . . .      Spirit   .   l - +0 robe
rPois   .          Reflect  .   (helmet unavailable)
rElec   .          Harm     .   (no cloak)
rCorr   .          Rampage  .   h - +0 pair of gloves
Will    .....                   (no boots)
Stlth   ++........              (no amulet)
HPRegen 0.10/turn               (no ring)
MPRegen 0.10/turn               (no ring)

@: no status effects
A: permanent stasis, dig shafts and tunnels, antennae 3, four strong arms
a: Dig, Shaft Self


You were on level 3 of the Dungeon.
You visited 1 branch of the dungeon, and saw 3 of its levels.

You collected 65 gold pieces.

Inventory:

Hand Weapons
 a - a +0 sling (weapon)
 b - a +0 dagger of holy wrath
Missiles
 g - 18 stones (quivered)
 k - 6 poisoned darts
Armour
 h - a +0 pair of gloves (worn)
 l - a +0 robe (worn)
Wands
 m - a wand of flame (12)
Scrolls
 i - a scroll of enchant armour {unknown}
 j - 2 scrolls of identify {unknown}
 n - a scroll of noise {unknown}
Potions
 c - 2 potions of heal wounds {unknown}
 d - a potion of mutation {unknown}
 e - 2 potions of degeneration {unknown}
 f - a potion of magic


   Skills:
 - Level 1.7 Dodging
 - Level 2.4 Stealth
 - Level 2.1 Spellcasting
 * Level 5.0 Conjurations


You had 4 spell levels left.
You knew the following spells:

 Your Spells              Type           Power      Damage    Failure   Level
a - Searing Ray           Conj           38%        2d5       3%          2
c - Magic Dart            Conj           76%        1d6       2%          1

Your spell library contained the following spells:

 Spells                   Type           Power      Damage    Failure   Level
 Dazzling Flash           Conj/Hex       20%        N/A       21%         3
 Fulminant Prism          Conj/Hex       5%         3d7       56%         4
 Iskenderun's Mystic Bla  Conj/Tloc      10%        2d4       56%         4


Dungeon Overview and Level Annotations

Branches:
Dungeon (2/15)

Altars:

Shops:
D:3 =

Annotations:
D:2 exclusion: adder, Sigmund


Innate Abilities, Weirdness & Mutations

You cannot be hasted, slowed, berserked, paralysed or teleported.
You can dig through walls and to a lower floor.
You have a pair of large antennae on your head. (SInv)
Your four strong arms can wield two-handed weapons with a shield.


Message History

Orders for allies: a - Attack new target. p - Attack previous target. r - Retreat! s - Stop attacking. g - Guard the area. f - Follow me.
Anything else - Cancel.
You shout for attention!
The orc wizard hits you with a +2 dagger of electrocution.
What are your orders? t - Shout!
Orders for allies: a - Attack new target. p - Attack previous target. r - Retreat! s - Stop attacking. g - Guard the area. f - Follow me.
Anything else - Cancel.
You shout for attention!
The orc wizard hits you with a +2 dagger of electrocution.
What are your orders? t - Shout!
Orders for allies: a - Attack new target. p - Attack previous target. r - Retreat! s - Stop attacking. g - Guard the area. f - Follow me.
Anything else - Cancel.
You shout for attention!
The orc wizard hits you with a +2 dagger of electrocution.
What are your orders? t - Shout!
Orders for allies: a - Attack new target. p - Attack previous target. r - Retreat! s - Stop attacking. g - Guard the area. f - Follow me.
Anything else - Cancel.
You shout for attention!
The orc wizard hits you with a +2 dagger of electrocution.
What are your orders? t - Shout!
Orders for allies: a - Attack new target. p - Attack previous target. r - Retreat! s - Stop attacking. g - Guard the area. f - Follow me.
Anything else - Cancel.
You shout for attention!
The orc wizard hits you with a +2 dagger of electrocution.
You are electrocuted!
You die...

### ##.## ##.#.##
##########.###.###
#.........## ##...
#.########.# #.###
#.# #...#..... #.#
#.##.##### #@#
####.#####...
#o####....∩.......
#.##........##.###
#...{#.##.#.##.#
####.#....#....#
#{###..###### #†#
#.g# #{###..##
#){......


You could see an orc wizard (invisible).

Vanquished Creatures
  An orc priest (D:3)
  2 dart slugs
  An orc (D:3)
  2 ball pythons
  A bat (D:1)
  An endoplasm (D:2)
  A giant cockroach (D:1)
  3 goblins
  3 hobgoblins
  2 quokkas
  2 frilled lizards
  3 kobolds (D:1)
  A rat (D:2)
23 creatures vanquished.

Vanquished Creatures (others)
  4 plants (D:1)
4 creatures vanquished.

Grand Total: 27 creatures vanquished

Notes
Turn   | Place    | Note
-------+----------+-------------------------------------------
     0 | D:1      | DildoBatman the Formicid Conjurer began the quest for the
                  | Orb.
     0 | D:1      | Reached XP level 1. HP: 13/13 MP: 3/3
   138 | D:1      | Reached XP level 2. HP: 18/19 MP: 1/5
   164 | D:1      | Learned a level 2 spell: Searing Ray
   183 | D:1      | Reached skill level 4 in Conjurations
   206 | D:1      | Found a faded altar of an unknown god.
   678 | D:2      | Noticed Sigmund
   708 | D:2      | Reached XP level 3. HP: 24/24 MP: 1/6
   826 | D:2      | You fall into a shaft and drop 1 floor!
   840 | D:3      | Noticed an ice beast
   876 | D:3      | Found Beiq's Jewellery Shop.
   934 | D:3      | Reached skill level 5 in Conjurations
   934 | D:3      | Reached XP level 4. HP: 30/30 MP: 0/7
   940 | D:3      | Slain by an orc wizard

Illustrated notes

Levels and vault maps discovered:
D:1:      spicycebolla_arrival_clurvy, layout_basic,
          ebering_ecumenical_altar_abandoned, serial_bayou_pond_d
D:2:      layout_basic, serial_corexii_hall, corexii_hall_statues_u,
          chequers_hall_statues_y, chequers_arboretum,
          chequers_serial_rivers_micro_b, kennysheep_potato, uniq_sigmund,
          uniq_jessica
D:3:      layout_loops_ring, serial_shops, shop, corexii_leaking_fountain,
          uniq_terence

Skill      XL: |  1  2  3 |
---------------+----------+-----
Conjurations   | 4 5 |  5.0
Dodging        | |  1.7
Stealth        | |  2.4
Spellcasting   | |  2.1

Action                   |  1- 3 |  4- 6 || total
-------------------------+-------+-------++-------
Melee: Unarmed           |     6 |       ||     6
       Dagger            |    15 |       ||    15
 Fire: Sling             |     6 |       ||     6
 Cast: Magic Dart        |    29 |       ||    29
       Searing Ray       |     4 |       ||     4
Armor: Robe              |     8 |       ||     8
Dodge: Dodged            |    14 |     1 ||    15
